AoeStats
← asplin27

Arena

509059508Analyzed
1v1 RM · 6d ago on Sep 25, 2026· 49m 45s· 2 players
Game mode
Random Map
Map size
Tiny (2 player)
Population
200
Speed
Normal
Resources
Standard
Victory
Conquest
Starting age
Dark Age
Ending age
Imperial Age
RankedLock teamsTeams togetherTeam positionsShared explorationLock speedFull tech treeHidden civsTurbo modeCheats
Victory
Defeat
🇹🇼 Franks · Taiwan
816
+15
🇪🇸 Bohemians · Spain
791
-15
javiyotxi
6:56 Loom
7:59 Loom
10:31 Feudal Age
12:18 Double-Bit Axe
17:28 Castle Age
19:07 Fervor
20:28 Bow Saw
21:37 Squires
24:21 Horse Collar
25:04 Husbandry
25:05 Pikeman
27:29 Wheelbarrow
26:46 Town Watch
29:47 Chemistry
29:07 Ballistics
28:44 Murder Holes
29:37 Man-at-Arms
30:58 Hand Cart
30:58 Scale Mail Armor
31:57 Padded Archer Armor
39:41 Imperial Age
37:21 Wagenburg Tactics
39:44 Halberdier
41:27 Chain Mail Armor
41:03 Fletching
42:13 Heavy Plow
41:48 Cavalier
43:57 Elite Hussite Wagon
46:15 Scale Barding Armor
46:41 Plate Mail Armor
46:22 Forging
49:43 Leather Archer Armor
49:25 Bodkin Arrow
asplin27
1:50 Loom
12:23 Feudal Age
13:42 Double-Bit Axe
17:40 Castle Age
19:33 Forging
19:37 Bow Saw
23:59 Scale Barding Armor
24:49 Pikeman
25:58 Squires
27:46 Wheelbarrow
27:28 Stone Mining
30:24 Fletching
30:35 Padded Archer Armor
30:37 Gambesons
31:16 Husbandry
30:50 Man-at-Arms
32:38 Leather Archer Armor
34:57 Imperial Age
33:22 Bodkin Arrow
33:48 Chain Barding Armor
33:28 Scale Mail Armor
34:04 Iron Casting
33:50 Hand Cart
35:35 Cavalier
37:05 Chain Mail Armor
37:02 Gold Mining
38:48 Conscription
38:48 Long Swordsman
39:30 Elite Throwing Axeman
41:18 Blast Furnace
40:07 Paladin
41:11 Chivalry
40:33 Light Cavalry
42:08 Elite Skirmisher
43:27 Two-Handed Swordsman
49:13 Plate Mail Armor
50:38 Plate Barding Armor
Connection lost

Rejoining the realm…

Still unreachable

The connection could not be restored.

Session expired

The server has moved on; the page needs a fresh start.